 Dungeon Crawl Stone Soup version 0.16.2-12-gd0ad4c3 (webtiles) character file.

411185 Peloso the Minotaur Blade (level 22, -6/213 HPs)
             Began as a Minotaur Fighter on Sept 22, 2015.
             Was a High Priest of Okawaru.
             Mangled by a storm dragon simulacrum (38 damage)
             ... animated by a necromancer
             ... on level 5 of the Depths on Sept 23, 2015.
             The game lasted 04:35:31 (55178 turns).

Peloso the Minotaur Blade (Minotaur Fighter)       Turns: 55178, Time: 04:35:38

Health: -6/213     AC: 37    Str: 30      XL:     22   Next: 47%
Magic:  27/27      EV: 20    Int:  4 (5)  God:    Okawaru [*****.]
Gold:   3357       SH: 22    Dex: 23      Spells: 0 memorised, 21 levels left

rFire  . . .     SeeInvis +     O - +8 double sword (flame)
rCold  . . .     Clarity  .     b - +10 plate armour of Crawling {Dex+3}
rNeg   . . .     SustAb   .     M - +4 shield of the Heavens {rCorr SInv}
rPois  +         Gourm    .     (helmet restricted)
rElec  +         Spirit   .     o - +2 cloak {rPois}
rCorr  +         Warding  .     G - +1 pair of gloves {Dex+3}
rMut   .         Stasis   .     w - +2 pair of boots {Fly}
MR     ++...                    z - amulet of faith
Stlth  ..........               V - ring of protection from magic
                                y - ring of Shrul {rElec Dex+4 Stlth+}

@: flying, very resistant to hostile enchantments, extremely unstealthy
A: retaliatory headbutt, horns 2, see invisible, strong 1
a: Heroism, Finesse, Renounce Religion, Stop Flying
}: 2/15 runes: barnacled, gossamer


You were on level 5 of the Depths.
You worshipped Okawaru.
Okawaru was extremely pleased with you.
You were not hungry.

You visited 8 branches of the dungeon, and saw 46 of its levels.
You also visited: Ossuary, Bailey, Ice Cave and Wizlab.

You collected 5917 gold pieces.
You spent 2560 gold pieces at shops.

Inventory:

Hand weapons
 l - the +3 long sword "Mor Ynuj" {elec, rC+ Stlth+}
   (Okawaru gifted it to you on level 1 of the Depths)

   Occasionally, upon striking a foe, it will discharge some electrical energy
   and cause terrible harm.
   It protects you from cold.
   It makes you more stealthy.
 I - a +1 demon blade of draining
 O - a +8 double sword of flaming (weapon)
Armour
 a - the +7 pearl dragon armour of Refuge {rN+ Stlth+}
   (You bought it in a shop on level 4 of the Orcish Mines)

   It protects you from negative energy.
   It makes you more stealthy.
 b - the +10 plate armour of Crawling (worn) {Dex+3}
   (You bought it in a shop on level 4 of the Shoals)

   It affects your dexterity (+3).
 o - a +2 cloak of poison resistance (worn)
 w - a +2 pair of boots of flying (worn)
 x - the +2 cloak of the Thief {+Fog Slay-2 SInv Stlth+}
   (You found it on level 3 of the Depths)

   It affects your accuracy and damage with ranged weapons and melee attacks
   (-2).
   It enhances your eyesight.
   It can be evoked to emit clouds of fog.
   It makes you more stealthy.
 E - the +2 cloak of Peunn {rF+ MP+9 Dex-2 SInv Stlth-}
   (Okawaru gifted it to you on level 4 of the Depths)

   It affects your dexterity (-2).
   It protects you from fire.
   It affects your magic capacity (+9).
   It enhances your eyesight.
   It makes you less stealthy.
 G - a +1 pair of gloves of dexterity (worn)
 J - the +7 chain mail "Freun" {rCorr}
   (You found it on level 2 of the Shoals)

   It protects you from acid and corrosion.
 L - a +1 crystal plate armour
 M - the +4 shield of the Heavens (worn) {rCorr SInv}
   (You found it on level 5 of the Shoals)

   It enhances your eyesight.
   It protects you from acid and corrosion.
 Y - the +1 pair of boots of Greed {rF- MR- Dex+5 Slay+3 Stlth+}
   (Okawaru gifted it to you on level 4 of the Depths)

   It affects your dexterity (+5).
   It affects your accuracy and damage with ranged weapons and melee attacks
   (+3).
   It makes you vulnerable to fire.
   It affects your resistance to hostile enchantments.
   It makes you more stealthy.
 Z - the +2 hat of Miush {rN+ Regen+ rCorr MP-9}
   (Okawaru gifted it to you on level 5 of the Shoals)

   It protects you from negative energy.
   It affects your magic capacity (-9).
   It increases your rate of regeneration.
   It protects you from acid and corrosion.
Jewellery
 v - the ring "Itiawuewk" {SustAb +Blink}
   (You took it off a deep elf fighter on level 1 of the Elven Halls)

   [ring of sustain abilities]

   It sustains your strength, intelligence and dexterity.
   It lets you blink.
 y - the ring of Shrul (left hand) {rElec Dex+4 Stlth+}
   (You took it off a fire giant on level 4 of the Depths)

   [ring of dexterity]

   It affects your dexterity (+4).
   It insulates you from electricity.
   It makes you more stealthy.
 z - an amulet of faith (around neck)
 A - a +5 ring of protection {unknown}
 D - an uncursed ring of protection from cold
 V - a ring of protection from magic (right hand)
Magical devices
 i - a wand of heal wounds (1)
 F - a wand of digging (5)
Scrolls
 f - 2 scrolls of magic mapping
 h - 11 scrolls of remove curse
 m - 2 scrolls of amnesia
 p - 4 scrolls of recharging
 q - 7 scrolls of blinking
 s - a scroll of holy word
 t - 8 scrolls of teleportation
 u - 2 scrolls of silence
 C - 6 scrolls of fear
 H - a scroll of brand weapon
 P - 2 scrolls of summoning
 Q - 6 scrolls of identify
Potions
 c - 3 potions of resistance
 e - 6 potions of might
 g - a potion of invisibility
 k - 8 potions of haste
 n - 10 potions of curing
 B - 7 potions of berserk rage
 K - 3 potions of magic
 N - 2 potions of cancellation
 S - 3 potions of cure mutation
 T - 5 potions of agility
 W - 2 potions of heal wounds
 X - 4 potions of restore abilities
Comestibles
 d - 21 bread rations
 j - 19 meat rations
 r - 8 fruits
 R - 16 royal jellies
 U - 16 chunks of flesh


   Skills:
 + Level 21.0 Fighting
 + Level 26.2 Long Blades
 + Level 16.5 Armour
 + Level 13.6 Dodging
 + Level 3.1 Stealth
 + Level 21.0 Shields
 + Level 1.2 Unarmed Combat
 + Level 8.5 Invocations
 + Level 2.2 Evocations


You had 21 spell levels left.
You didn't know any spells.

Dungeon Overview and Level Annotations

Branches:
Dungeon (15/15)            Temple (1/1) D:5            Lair (8/8) D:8
 Shoals (5/5) Lair:5       Spider (5/5) Lair:4        Slime (0/6) Lair:8
    Orc (4/4) D:11            Elf (3/3) Orc:4        Vaults (0/5) D:14
 Depths (5/5) D:15            Zot (0/5) Depths:5

Altars:
Ashenzari
Cheibriados
Dithmenos
Elyvilon
Fedhas
Gozag
Kikubaaqudgha
Makhleb
Nemelex Xobeh
Okawaru
Qazlal
Ru
Sif Muna
Trog
Vehumet
Xom
Yredelemnul
Zin
The Shining One
Beogh

Shops:
D:9 =   D:11 %(   Orc:1 ?*   Orc:4 }::(*   Elf:2 }   Shoals:1 =   Shoals:2 %
Shoals:4 [(([   Depths:4 (

Portals:
Hell: Depths:1 Depths:2 Depths:3 Depths:4
Abyss: Depths:1 Depths:3 Depths:4
Pandemonium: Depths:1 Depths:3 Depths:4
Ziggurat: Depths:2


Innate Abilities, Weirdness & Mutations

You reflexively headbutt those who attack you in melee.
You have a pair of horns on your head.
You have supernaturally acute eyesight.
Your muscles are strong. (Str +2)


Message History

You slice the deep troll zombie!! You burn the deep troll zombie.
The storm dragon simulacrum bites you!
* * * LOW HITPOINT WARNING * * *
The storm dragon simulacrum freezes you!
* * * LOW HITPOINT WARNING * * *
You block the storm dragon simulacrum's attack. x2
The deep troll zombie barely misses you.
You furiously retaliate!
You headbutt the deep troll zombie, but do no damage.
The deep troll zombie claws you but does no damage.
You block the deep troll zombie's attack.
The vampire knight closely misses you. You block the vampire knight's attack.
You carve the deep troll zombie like a ham!!!
You burn the deep troll zombie.
Your headbutt misses the deep troll zombie.
You block the storm dragon simulacrum's attack. x2
The storm dragon simulacrum tramples you!
* * * LOW HITPOINT WARNING * * *
The storm dragon simulacrum freezes you!!!
You die...

##..## ##....######
#.....##...## #......))...#
#.^....#.<.##
########.##########
......$.........$.##
..[...8...8....Z#####
#..........[..pV@Z((#
#...8.......8ZZZ###)#.
....)......pppZZZZZ.#..
..8...)....c.Z8cZZZZ#.####
...)[.....$.ppppZ4..#......
8............ppc8...#.<..T..
.....##...##p.pcc..(#.......
.....#.....#...G..8.#.......
...................(#........


You could see 2 yaktaur captains, a vampire knight (invisible), 9 hell knights,
a giant orange brain, 3 yaktaurs, a rust devil, 3 necromancers, 4 storm dragon
simulacra, an elf simulacrum, 2 minotaur simulacra, 3 yaktaur simulacra, a deep
troll zombie, a storm dragon skeleton, an elf skeleton, a minotaur skeleton and
2 yaktaur skeletons.

Vanquished Creatures
  6 caustic shrikes
  Saint Roka (Elf:2)
  A golden dragon (Depths:4)
  A bone dragon (Depths:5)
  2 tentacled monstrosities
  A titan (Depths:2)
  5 liches
  Asterion (Elf:2)
  2 deep elf blademasters (Elf:3)
  5 sphinxes
  4 deep elf master archers (Elf:3)
  Polyphemus (Shoals:2)
  3 krakens
  A shadow dragon (Depths:4)
  Rupert (Lair:4)
  2 storm dragons
  4 tengu reavers
  The ghost of CcS the Cruncher, a mighty DgFE (D:15)
  Frances (Elf:2)
  Roxanne (Shoals:4)
  Ilsuiw (Shoals:5)
  4 frost giants
  10 fire giants
  Wiglaf (Depths:2)
  An iron dragon (Depths:4)
  The ghost of Enish the Eclecticist, a mighty SpEn of Okawaru (Elf:3)
  Aizul (Spider:3)
  12 emperor scorpions
  A balrug (Depths:4)
  7 deep elf sorcerers
  5 ghost moths
  2 draconian zealots (Depths:5)
  2 orc warlords
  A spriggan defender (Depths:3)
  Jorgrun (Depths:2)
  9 stone giants
  3 very ugly things (Depths:4)
  A green draconian (Depths:5)
  A draconian caller (Depths:5)
  5 deep elf demonologists
  A yellow draconian (Depths:5)
  7 deep elf annihilators
  A black draconian (Depths:5)
  A purple draconian (Depths:5)
  4 dire elephants
  8 deep elf death magi
  5 minotaurs
  11 merfolk javelineers
  9 ettins
  4 vault guards (D:14)
  15 merfolk impalers
  A great orb of eyes (Depths:4)
  10 fire dragons
  4 deep elf high priests (Elf:3)
  A minotaur (shapeshifter) (Depths:4)
  Fannar (D:12)
  10 ice dragons
  3 yaktaur captains
  6 statues (WizLab)
  8 hydras
  6 rakshasas
  Nessos (D:13)
  2 catoblepae
  A spriggan air mage (Depths:5)
  5 merfolk avatars
  Erica (D:10)
  25 dancing weapons
  6 tengu warriors
  3 centaur warriors (D:13)
  6 deep troll shamans
  3 merfolk aquamancers
  2 satyrs
  7 ogre magi
  2 deep troll earth magi
  6 spriggan berserkers
  25 death yaks
  A soul eater (Depths:4)
  Nergalle (D:15)
  Erolcha (Orc:2)
  21 deep elf knights
  4 iron trolls
  6 unseen horrors
  An ice devil (Depths:5)
  8 sea snakes
  An infernal demonspawn (Depths:4)
  A hill giant (shapeshifter) (Elf:3)
  3 ice statues (IceCv)
  10 deep trolls
  Pikel (D:6)
  2 wolf spider zombies
  12 hill giants
  13 deep elf summoners
  A lindwurm (shapeshifter) (Depths:2)
  12 orb spiders
  11 deep elf conjurers
  A harpy (shapeshifter) (Depths:3)
  A mana viper (shapeshifter) (Elf:2)
  28 ugly things
  13 harpies
  An oklob plant (Lair:6)
  3 orc sorcerers
  3 orc knights
  3 wizards
  8 cyclopes
  21 wolf spiders
  4 elephants (Lair:8)
  13 manticores
  11 griffons
  8 water nymphs
  8 fauns
  A draconian (shapeshifter) (Depths:1)
  2 moths of wrath
  2 salamanders (Depths:3)
  6 sirens
  2 drowned souls (Shoals:2)
  Maurice (Orc:4)
  An orange demon (Elf:3)
  2 guardian serpents (shapeshifter)
  3 gargoyles
  8 hornets
  5 black mambas
  A sixfirhy (Elf:2)
  9 spiny frogs
  A faun (shapeshifter) (Depths:4)
  5 torpor snails
  15 yaktaurs
  A rust devil (Elf:3)
  Psyche (Orc:1)
  An efreet (D:13)
  21 demonic crawlers
  An iron troll zombie (Depths:5)
  An elf (shapeshifter) (D:13)
  3 tengu conjurers (D:13)
  2 fire drakes
  26 jumping spiders
  9 komodo dragons
  2 hellwings
  A queen bee (D:9)
  44 merfolk
  A baby alligator (shapeshifter) (Depths:4)
  23 two-headed ogres
  Sonja (Orc:3)
  A merfolk (shapeshifter) (Elf:1)
  8 deep elf priests
  A freezing wraith (D:14)
  20 trolls
  A polar bear (Lair:7)
  11 snapping turtles
  3 wind drakes
  14 ravens
  A boulder beetle (Spider:3)
  19 blink frogs
  9 slime creatures
  9 trapdoor spiders
  2 shadows
  3 basilisks
  3 air elementals (Depths:5)
  28 deep elf magi
  23 tarantellas
  A tarantella (shapeshifter) (Depths:3)
  3 wyverns
  A ynoxinul (Depths:4)
  40 redbacks
  4 wraiths
  5 vampires
  11 water elementals
  33 deep elf fighters
  A hungry ghost (D:12)
  6 vampire mosquitoes
  76 yaks
  13 hippogriffs
  3 wargs
  2 mottled dragons
  A soldier ant (D:13)
  12 wolves
  2 eyes of draining
  12 water moccasins
  3 black bears
  A deep troll zombie (Depths:5)
  38 orc warriors
  7 porcupines
  30 spiders
  18 ice beasts
  60 ogres
  4 boggarts (Depths:2)
  A wasp (shapeshifter) (D:15)
  A sky beast (D:10)
  2 phantoms (D:7)
  2 boring beetles
  21 centaurs
  A wasp (D:13)
  2 elf zombies (Ossuary)
  Sigmund (D:7)
  Duvessa (D:9)
  3 big kobolds
  14 crocodiles
  Blork the orc (D:6)
  A brain worm (D:12)
  21 giant frogs
  5 scorpions
  A water moccasin skeleton (D:6)
  29 killer bees
  5 wights
  A vampire bat (D:5)
  8 crimson imps
  2 spriggan skeletons (D:11)
  2 electric eels
  A troll skeleton (D:11)
  A goliath beetle (D:8)
  A human zombie (Ossuary)
  7 centaur zombies
  11 hounds
  Dowan (D:9)
  5 jellies
  3 giant frog zombies
  8 centaur skeletons
  Crazy Yiuf (D:6)
  2 giant frog skeletons
  33 orc priests
  3 spectral orcs (D:15)
  4 iguanas
  10 hell rats
  27 orc wizards
  12 worker ants
  16 sheep
  Ijyb (D:4)
  2 hound zombies
  4 mummies
  33 adders
  58 river rats
  2 shadow imps
  A giant mite (Lair:4)
  4 worms
  4 adder zombies
  5 fire bats
  5 giant geckos
  2 oozes
  236 orcs
  2 spectral bats (D:5)
  5 bat skeletons
  2 bat zombies
  7 giant cockroaches
  19 goblins
  18 hobgoblins
  6 jackals
  19 kobolds
  21 quokkas
  A ball python (D:3)
  28 bats
  A bat simulacrum (D:5)
  7 giant newts
  A giant spore (D:9)
  11 hobgoblin zombies (Ossuary)
  14 kobold zombies (Ossuary)
  An orc skeleton (Orc:4)
  4 orc zombies (Ossuary)
  11 rats
  12 ballistomycetes
  A crawling corpse (Elf:3)
  A fungus (Lair:8)
  7 plants
  5 tentacles
2137 creatures vanquished.

Vanquished Creatures (others)
  11 drowned souls
  3 deep elf fighters
  A vampire mosquito (Depths:3)
  A boggart (Depths:2)
  4 lost souls
  3 orc wizards
  3 gnolls (D:9)
  An orc (Orc:3)
  A kobold (D:6)
  6 giant spores
  2 ballistomycetes (D:15)
  A crawling corpse (Elf:3)
  12 fungi
  7 plants
  14 tentacles
  412 tentacle segments
482 creatures vanquished.

Grand Total: 2619 creatures vanquished

Notes
Turn   | Place    | Note
--------------------------------------------------------------
     0 | D:1      | Peloso, the Minotaur Fighter, began the quest for the Orb.
     0 | D:1      | Reached XP level 1. HP: 19/19 MP: 1/1
   133 | D:1      | Reached XP level 2. HP: 22/27 MP: 1/1
   289 | D:1      | Reached skill level 4 in Armour
   738 | D:2      | Reached XP level 3. HP: 33/33 MP: 2/2
   831 | D:2      | Reached skill level 1 in Dodging
   955 | D:2      | Reached XP level 4. HP: 28/41 MP: 2/2
  1257 | D:2      | Found a blossoming altar of Fedhas.
  1436 | D:3      | Reached XP level 5. HP: 37/47 MP: 2/2
  2410 | D:4      | Noticed a centaur
  2423 | D:4      | Killed a centaur
  2423 | D:4      | Reached skill level 5 in Armour
  2423 | D:4      | Reached skill level 5 in Shields
  2423 | D:4      | Reached XP level 6. HP: 19/53 MP: 3/3
  2875 | D:4      | Noticed Ijyb
  2901 | D:4      | Killed Ijyb
  3047 | D:5      | Entered Level 5 of the Dungeon
  3068 | D:5      | Found a staircase to the Ecumenical Temple.
  3085 | Temple   | Entered the Ecumenical Temple
  3111 | Temple   | Became a worshipper of Warmaster Okawaru
  3506 | D:5      | Found a sacrificial altar of Ru.
  3556 | D:5      | Found a deep blue altar of Sif Muna.
  3587 | D:5      | Found a deep blue altar of Sif Muna.
  3588 | D:5      | Found a blossoming altar of Fedhas.
  3841 | D:5      | Reached skill level 5 in Fighting
  3841 | D:5      | Reached skill level 6 in Shields
  3841 | D:5      | Reached XP level 7. HP: 50/61 MP: 3/3
  4181 | D:6      | Found a shimmering altar of Xom.
  4216 | D:6      | Acquired Okawaru's first power
  4216 | D:6      | Reached skill level 5 in Long Blades
  4241 | D:6      | Noticed Blork the orc
  4250 | D:6      | Killed Blork the orc
  4250 | D:6      | Reached skill level 7 in Shields
  4317 | D:6      | Found a shimmering altar of Xom.
  4326 | D:6      | Reached XP level 8. HP: 58/69 MP: 3/3
  4564 | D:6      | Noticed Pikel
  4586 | D:6      | Killed Pikel
  4586 | D:6      | Reached skill level 8 in Shields
  4809 | D:6      | Reached skill level 9 in Shields
  4880 | D:6      | Noticed Crazy Yiuf
  4891 | D:6      | Killed Crazy Yiuf
  4991 | D:6      | Reached XP level 9. HP: 40/78 MP: 4/4
  5011 | D:7      | Found a flagged portal.
  5217 | Bailey   | Entered a bailey
  5238 | Bailey   | Noticed an orc knight
  5262 | Bailey   | Killed an orc knight
  5262 | Bailey   | Reached skill level 10 in Shields
  5262 | Bailey   | Reached skill level 1 in Invocations
  5262 | Bailey   | Reached skill level 1 in Evocations
  5305 | Bailey   | Got a pitted mace
  5306 | Bailey   | Identified the +4 mace of the Ancient Cities {antimagic, MR+ Stlth+} (You found it in a bailey)
  5557 | Bailey   | Gained mutation: Your muscles are strong. (Str +2) [potion of beneficial mutation]
  5902 | D:7      | Got a bloodstained mace
  5903 | D:7      | Identified the +8 mace of Atitasin {pain, +Inv rElec rPois Int-4 Dex-3} (You found it on level 7 of the Dungeon)
  5944 | D:7      | Noticed Sigmund
  5960 | D:7      | Killed Sigmund
  6297 | D:8      | Reached XP level 10. HP: 72/86 MP: 6/7
  6437 | D:8      | Found a sand-covered staircase.
  6454 | Ossuary  | Entered an ossuary
  6781 | D:8      | Reached skill level 11 in Shields
  6824 | D:8      | Found a staircase to the Lair.
  6825 | D:8      | Noticed a komodo dragon
  7397 | D:8      | Killed a komodo dragon
  7423 | D:9      | Noticed Dowan
  7426 | D:9      | Noticed Duvessa
  7432 | D:9      | Killed Dowan
  7438 | D:9      | Killed Duvessa
  7481 | D:9      | Received a gift from Okawaru
  7640 | D:9      | Found Udyn's Jewellery Emporium.
  7951 | D:9      | Reached skill level 12 in Shields
  7972 | D:9      | Acquired Okawaru's second power
  8041 | D:9      | Reached skill level 10 in Long Blades
  8041 | D:9      | Reached XP level 11. HP: 45/95 MP: 7/7
  8325 | D:10     | Entered Level 10 of the Dungeon
  8337 | D:9      | Received a gift from Okawaru
  8349 | D:9      | Got a jewelled hunting sling {god gift}
  8350 | D:9      | Identified the +3 hunting sling of Hell's Wrath {speed, Dex+6} (Okawaru gifted it to you on level 9 of the Dungeon)
  8628 | D:10     | Noticed Erica
  8644 | D:10     | Killed Erica
  8644 | D:10     | Reached skill level 10 in Armour
  8937 | D:11     | Found a roughly hewn altar of Beogh.
  9159 | D:11     | Found a staircase to the Orcish Mines.
  9391 | D:11     | Found Wasch's Antique Weapon Boutique.
  9433 | D:11     | Found Ynuirucu's Food Shoppe.
  9480 | D:11     | Killed an unseen horror
  9560 | D:11     | Received a gift from Okawaru
  9823 | D:11     | Reached skill level 13 in Shields
 10032 | D:11     | Found a runed door.
 10101 | D:11     | Killed an unseen horror
 10301 | D:12     | Noticed a seven-headed hydra
 10310 | D:12     | Killed a four-headed hydra
 10416 | D:12     | Noticed a hill giant
 10417 | D:12     | Noticed an ettin
 10418 | D:12     | Noticed a hill giant
 10420 | D:12     | Received a gift from Okawaru
 10420 | D:12     | Reached skill level 10 in Fighting
 10433 | D:12     | Killed an unseen horror
 10444 | D:12     | Reached XP level 12. HP: 88/106 MP: 7/9
 10452 | D:12     | Killed an ettin
 10453 | D:12     | Killed a hill giant
 10460 | D:12     | Killed a hill giant
 10468 | D:12     | Received a gift from Okawaru
 10552 | D:12     | Reached skill level 5 in Dodging
 10592 | D:12     | Reached skill level 14 in Shields
 10821 | D:12     | Noticed a hill giant
 10831 | D:12     | Killed a hill giant
 10879 | D:12     | Noticed Fannar
 10881 | D:12     | Noticed a hill giant
 10920 | D:12     | Killed Fannar
 10995 | D:12     | Killed a hill giant
 12107 | D:13     | Noticed Nessos
 12109 | D:13     | Noticed a centaur warrior
 12115 | D:13     | Killed Nessos
 12120 | D:13     | Killed a centaur warrior
 12525 | D:13     | Found a bloodstained altar of Trog.
 12640 | D:13     | Received a gift from Okawaru
 12646 | D:13     | Reached XP level 13. HP: 78/116 MP: 0/10
 12911 | D:13     | Noticed a centaur warrior
 12918 | D:13     | Killed a centaur warrior
 13775 | D:13     | Noticed a centaur warrior
 13787 | D:13     | Killed a centaur warrior
 13891 | D:14     | Received a gift from Okawaru
 14246 | D:14     | Found a gate to the Vaults.
 14335 | D:13     | HP: 2/119 [slime creature (8)]
 14758 | D:14     | Reached skill level 15 in Long Blades
 14830 | D:14     | Received a gift from Okawaru
 14922 | D:14     | Received a gift from Okawaru
 15200 | D:14     | Reached XP level 14. HP: 103/127 MP: 12/12
 15976 | D:15     | Entered Level 15 of the Dungeon
 16031 | D:15     | Found a staircase to the Depths.
 16169 | D:15     | Noticed Nergalle
 16187 | D:15     | Killed Nergalle
 16187 | D:15     | Received a gift from Okawaru
 16363 | D:15     | Reached skill level 16 in Long Blades
 16439 | D:15     | Noticed CcS's ghost (mighty DgFE)
 16458 | D:15     | Killed CcS's ghost
 17497 | D:15     | Reached skill level 1 in Stealth
 17914 | Orc:1    | Entered Level 1 of the Orcish Mines
 18014 | Orc:1    | Noticed Psyche
 18021 | Orc:1    | Killed Psyche
 18239 | Orc:2    | Noticed an orc warlord
 18428 | Orc:2    | Killed an orc warlord
 18846 | Orc:2    | Received a gift from Okawaru
 18882 | Orc:2    | Noticed Erolcha
 19361 | Orc:2    | Killed Erolcha
 19361 | Orc:2    | Reached skill level 17 in Long Blades
 19533 | Orc:3    | Noticed Sonja
 19541 | Orc:3    | Killed Sonja
 19908 | Orc:4    | Entered Level 4 of the Orcish Mines
 19908 | Orc:4    | Found Xaceann's Book Shop.
 19908 | Orc:4    | Found Mabloith's Book Shoppe.
 19908 | Orc:4    | Found Kliarron's Gadget Shop.
 20518 | Orc:3    | Reached XP level 15. HP: 42/139 MP: 11/16
 20525 | Orc:3    | Received a gift from Okawaru
 21422 | Orc:4    | Found Nieff's General Store.
 21447 | Orc:4    | Found Steta's Weapon Boutique.
 21539 | Orc:4    | Found a staircase to the Elven Halls.
 21546 | Orc:4    | Noticed Maurice
 21553 | Orc:4    | Killed Maurice
 21727 | Orc:4    | Paralysed by an orc sorcerer for 6 turns
 21914 | Orc:4    | Bought the +7 pearl dragon armour of Refuge {rN+ Stlth+} for 1420 gold pieces
 22106 | Lair:1   | Entered Level 1 of the Lair of Beasts
 22326 | Lair:1   | Got a distressingly furry chain mail
 22337 | Lair:1   | Identified the +4 chain mail of the Princess {rN+} (You found it on level 1 of the Lair of Beasts)
 23694 | Lair:3   | Found a snail-covered altar of Cheibriados.
 23700 | Lair:3   | Found a frozen archway.
 23756 | IceCv    | Entered an ice cave
 23850 | IceCv    | Reached skill level 18 in Long Blades
 23878 | IceCv    | Got a dull robe
 23889 | IceCv    | Identified the cursed -7 robe "Pramusk" {rC+ Regen+} (You found it in an ice cave)
 23938 | Lair:3   | Identified a scroll of acquirement
 23973 | Lair:3   | Got a smoking hat
 23980 | Lair:3   | Identified the +2 hat "Arghenul" {MR+} (You acquired it on level 3 of the Lair of Beasts)
 24611 | Lair:4   | Reached skill level 15 in Fighting
 24679 | Lair:4   | Found a hole to the Spider Nest.
 24736 | Lair:4   | Reached skill level 15 in Shields
 24766 | Lair:4   | Received a gift from Okawaru
 24978 | Lair:4   | Identified the Catalogue of Torrid Attacks
 25009 | Lair:4   | Noticed Rupert
 25020 | Lair:4   | Killed Rupert
 25519 | Lair:5   | Received a gift from Okawaru
 25980 | Lair:5   | Found a staircase to the Shoals.
 26918 | Lair:6   | Got a scorched plate armour
 26929 | Lair:6   | Identified the +2 plate armour of the Valley {rF+ Int+6} (You found it on level 6 of the Lair of Beasts)
 27155 | Lair:6   | Received a gift from Okawaru
 27170 | Lair:6   | Reached XP level 16. HP: 140/149 MP: 18/18
 27182 | Lair:6   | Got a transparent scale mail {god gift}
 27193 | Lair:6   | Identified the +2 scale mail "Wuenkips" {rF+} (Okawaru gifted it to you on level 6 of the Lair of Beasts)
 28364 | Lair:8   | Entered Level 8 of the Lair of Beasts
 28732 | Lair:8   | Reached skill level 19 in Long Blades
 29132 | Lair:8   | Found a blossoming altar of Fedhas.
 29200 | Lair:8   | Found a staircase to the Slime Pits.
 29229 | Lair:8   | Got a crude trident
 29924 | Temple   | Identified the cursed -1 trident "Plenija" {flame, +Rage rF+ rC+ Dex-4} (You found it on level 8 of the Lair of Beasts)
 30329 | Elf:1    | Entered Level 1 of the Elven Halls
 30414 | Elf:1    | Received a gift from Okawaru
 30502 | Elf:1    | Noticed a Shadow Fiend
 30503 | Elf:1    | Noticed an Ice Fiend
 30504 | Elf:1    | Noticed a Hell Sentinel
 30519 | Elf:1    | HP: 7/151 [tarantella[a deep elf summoner] (9)]
 30543 | Elf:1    | HP: 7/151 [redback[a deep elf summoner] (8)]
 30967 | Elf:1    | Identified the Almanac of Calling
 31231 | Elf:1    | Reached skill level 1 in Unarmed Combat
 31391 | Elf:1    | Got a scorched tin ring
 31465 | Elf:1    | Reached skill level 5 in Invocations
 31735 | Elf:1    | Identified the ring "Itiawuewk" {SustAb +Blink} (You took it off a deep elf fighter on level 1 of the Elven Halls)
 31931 | Elf:1    | Received a gift from Okawaru
 31935 | Elf:1    | Got a pair of shimmering boots {god gift}
 31946 | Elf:1    | Identified the +0 pair of boots "Ifuddok" {rPois Dex-4 Slay+6} (Okawaru gifted it to you on level 1 of the Elven Halls)
 32341 | Elf:2    | Noticed Asterion
 32352 | Elf:2    | Noticed a spectral weapon
 32357 | Elf:2    | Killed Asterion
 32427 | Elf:2    | Noticed Saint Roka
 32451 | Elf:2    | Killed Saint Roka
 32706 | Elf:2    | Found Ameleim's Gadget Emporium.
 32739 | Elf:2    | Reached skill level 20 in Long Blades
 32748 | Elf:2    | Reached XP level 17. HP: 137/159 MP: 20/20
 32839 | Elf:2    | Found a runed gate.
 32839 | Elf:2    | Found a runed gate.
 32839 | Elf:2    | Found a runed gate.
 33133 | Elf:2    | Noticed Frances
 33148 | Elf:2    | Killed Frances
 33148 | Elf:2    | Received a gift from Okawaru
 33737 | Elf:2    | Reached skill level 15 in Armour
 33867 | Elf:2    | Reached skill level 10 in Dodging
 33950 | Elf:3    | Entered Level 3 of the Elven Halls
 34527 | Elf:3    | Reached skill level 21 in Long Blades
 34659 | Elf:3    | Received a gift from Okawaru
 34876 | Elf:3    | Received a gift from Okawaru
 34959 | Elf:3    | Noticed Enish's ghost (mighty SpEn)
 35047 | Elf:3    | Got a blackened battleaxe
 35122 | Elf:3    | Killed Enish's ghost
 35135 | Elf:3    | Identified Roxanne's Almanac of Transmigration (You found it on level 3 of the Elven Halls)
 35158 | Elf:3    | Identified the Papyrus of Contamination
 35181 | Elf:3    | Got a slimy falchion
 35182 | Elf:3    | Identified the cursed -2 falchion of Braock {slice, rElec Str+3 Int+4 Dex-4} (You found it on level 3 of the Elven Halls)
 35412 | Elf:3    | Reached XP level 18. HP: 165/170 MP: 22/22
 35920 | Orc:1    | Found Oqeopp's Assorted Antiques.
 36131 | Orc:3    | Noticed an orc warlord
 36144 | Orc:3    | Killed an orc warlord
 36144 | Orc:3    | Received a gift from Okawaru
 36157 | Orc:3    | Paralysed by an orc sorcerer for 5 turns
 36184 | Orc:3    | Got a pair of polished gloves {god gift}
 36195 | Orc:3    | Identified the -3 pair of gloves of Inevitability {rF+ Regen+ MP+9 Int+4} (Okawaru gifted it to you on level 3 of the Orcish Mines)
 36748 | Orc:1    | Found Bruic's Magic Scroll Boutique.
 36803 | Orc:1    | Bought a scroll of holy word for 105 gold pieces
 37228 | Temple   | Identified the +9 battleaxe of the Fray {pain, +Blink +Fly Str+2} (You took it off a deep elf fighter on level 3 of the Elven Halls)
 37556 | Spider:1 | Entered Level 1 of the Spider Nest
 37696 | Spider:1 | Got a pair of spiked gloves
 37714 | Spider:1 | Identified the +0 pair of gloves of Guimycza {rElec rPois Dex-3} (You found it on level 1 of the Spider Nest)
 38977 | Spider:3 | Noticed Aizul
 38995 | Spider:3 | Killed Aizul
 39699 | Spider:4 | Gained mutation: You have supernaturally acute eyesight. [potion of beneficial mutation]
 39782 | Spider:4 | Received a gift from Okawaru
 40393 | Spider:5 | Entered Level 5 of the Spider Nest
 40737 | Spider:5 | Received a gift from Okawaru
 40900 | Spider:5 | Reached skill level 22 in Long Blades
 41595 | Spider:5 | Received a gift from Okawaru
 41627 | Spider:5 | Got a gossamer rune of Zot
 42520 | Shoals:1 | Entered Level 1 of the Shoals
 42609 | Shoals:1 | Reached XP level 19. HP: 177/179 MP: 24/24
 42788 | Shoals:1 | Received a gift from Okawaru
 42820 | Shoals:1 | Found Wubitt's Jewellery Shoppe.
 43319 | Shoals:2 | Got a jewelled chain mail
 43330 | Shoals:2 | Identified the +7 chain mail "Freun" {rCorr} (You found it on level 2 of the Shoals)
 43345 | Shoals:2 | Noticed Polyphemus
 43395 | Shoals:2 | Killed Polyphemus
 43605 | Shoals:2 | Found Cainuim's Food Boutique.
 45120 | Shoals:4 | Noticed Roxanne
 45236 | Shoals:4 | Found Skason's Antique Weapon Boutique.
 45323 | Shoals:4 | Found Muvacsaw's Armour Shoppe.
 45393 | Shoals:4 | Received a gift from Okawaru
 45471 | Shoals:4 | Found a radiant altar of Vehumet.
 45754 | Shoals:4 | Found Charou's Weapon Shop.
 45770 | Shoals:4 | Found Thrarogi's Armour Shoppe.
 45793 | Shoals:4 | Killed Roxanne
 46066 | Shoals:5 | Entered Level 5 of the Shoals
 46169 | Shoals:5 | Reached skill level 23 in Long Blades
 46195 | Shoals:5 | Noticed Ilsuiw
 46224 | Shoals:5 | Killed Ilsuiw
 46258 | Shoals:5 | Received a gift from Okawaru
 46269 | Shoals:5 | Got a faintly glowing hat {god gift}
 46282 | Shoals:5 | Identified the +2 hat of Miush {rN+ Regen+ rCorr MP-9} (Okawaru gifted it to you on level 5 of the Shoals)
 46922 | Shoals:5 | Got a heavily runed plate armour
 46935 | Shoals:5 | Identified the cursed -5 plate armour of the Blessed Realm {rF+ rCorr MP-9 Int+4 Stlth+} (You found it on level 5 of the Shoals)
 46977 | Shoals:5 | Got a warped shield
 46994 | Shoals:5 | Identified the +4 shield of the Heavens {rCorr SInv} (You found it on level 5 of the Shoals)
 47091 | Shoals:5 | Reached XP level 20. HP: 161/189 MP: 14/25
 47116 | Shoals:5 | Received a gift from Okawaru
 47135 | Shoals:5 | Got a barnacled rune of Zot
 48669 | Shoals:4 | Bought the +10 plate armour of Crawling {Dex+3} for 1035 gold pieces
 49207 | Depths:1 | Entered Level 1 of the Depths
 49258 | Depths:1 | Found a one-way gate leading to the halls of Pandemonium.
 49306 | Depths:1 | Found a one-way gate to the infinite horrors of the Abyss.
 49337 | Depths:1 | Found a gateway to Hell.
 49470 | Depths:1 | Received a gift from Okawaru
 49482 | Depths:1 | Got a smoking long sword {god gift}
 49498 | Depths:1 | Found a magical portal.
 49502 | WizLab   | Entered Tukima's Studio
 49508 | WizLab   | Identified the +3 long sword "Mor Ynuj" {elec, rC+ Stlth+} (Okawaru gifted it to you on level 1 of the Depths)
 49962 | Depths:1 | Found a shattered altar of Ashenzari.
 50645 | Depths:2 | Noticed a caustic shrike
 50664 | Depths:2 | Killed a caustic shrike
 50707 | Depths:2 | Noticed Wiglaf
 50719 | Depths:2 | Killed Wiglaf
 50719 | Depths:2 | Reached skill level 24 in Long Blades
 51186 | Depths:2 | Received a gift from Okawaru
 51193 | Depths:2 | Got a jewelled cloak {god gift}
 51204 | Depths:2 | Identified the +1 cloak of the Apprentice {+Fly} (Okawaru gifted it to you on level 2 of the Depths)
 51315 | Depths:2 | Noticed Jorgrun
 51326 | Depths:2 | Killed Jorgrun
 51439 | Depths:2 | Got a steaming spear
 51440 | Depths:2 | Identified the +7 spear of the Tiger {pierce, Stlth+} (You found it on level 2 of the Depths)
 51653 | Depths:2 | Found a gateway to a ziggurat.
 51999 | Depths:2 | Reached XP level 21. HP: 186/200 MP: 17/26
 52417 | Depths:3 | Received a gift from Okawaru
 52903 | Depths:3 | Got a heavily runed turquoise ring
 52905 | Depths:3 | Identified the ring "Klosunne" {rPois rC- rN+ Int+5 Dex+2} (You took it off a tengu reaver on level 3 of the Depths)
 53365 | Depths:4 | Found a sparkling altar of Nemelex Xobeh.
 53520 | Depths:4 | Reached skill level 25 in Long Blades
 53546 | Depths:4 | Received a gift from Okawaru
 53550 | Depths:4 | Noticed a caustic shrike
 53575 | Depths:4 | Noticed a caustic shrike
 53577 | Depths:4 | Killed a caustic shrike
 53582 | Depths:4 | Killed a caustic shrike
 53585 | Depths:4 | Noticed a caustic shrike
 53609 | Depths:4 | Killed a caustic shrike
 53636 | Depths:4 | Noticed a caustic shrike
 53641 | Depths:4 | Noticed a caustic shrike
 53648 | Depths:4 | Killed a caustic shrike
 53659 | Depths:4 | Killed a caustic shrike
 53663 | Depths:4 | Got a twitching copper ring
 53689 | Depths:4 | Identified the ring of Shrul {rElec Dex+4 Stlth+} (You took it off a fire giant on level 4 of the Depths)
 53700 | Depths:4 | Got a slimy morningstar
 53701 | Depths:4 | Identified the +0 morningstar of Xoebot {pain, rPois MR+ Str+2} (You found it on level 4 of the Depths)
 53711 | Depths:4 | Got a pair of bloodstained boots {god gift}
 53724 | Depths:4 | Identified the +1 pair of boots of Greed {rF- MR- Dex+5 Slay+3 Stlth+} (Okawaru gifted it to you on level 4 of the Depths)
 53992 | Depths:4 | Reached XP level 22. HP: 157/211 MP: 27/27
 54066 | Depths:4 | Found Xula's Weapon Shop.
 54198 | Depths:4 | Received a gift from Okawaru
 54201 | Depths:4 | Got a brightly glowing cloak {god gift}
 54212 | Depths:4 | Identified the +2 cloak of Peunn {rF+ MP+9 Dex-2 SInv Stlth-} (Okawaru gifted it to you on level 4 of the Depths)
 54680 | Depths:5 | Entered Level 5 of the Depths
 54738 | Depths:5 | Reached skill level 26 in Long Blades
 54922 | Depths:5 | Found a gate to the Realm of Zot.
 55067 | Depths:5 | Received a gift from Okawaru
 55178 | Depths:5 | Mangled by a storm dragon simulacrum

Action                   |  1- 3 |  4- 6 |  7- 9 | 10-12 | 13-15 | 16-18 | 19-21 | 22-24 || total
-------------------------+-------+-------+-------+-------+-------+-------+-------+-------++-------
Melee: Long sword        |   102 |   233 |   362 |   452 |       |       |       |       ||  1149
       Mace              |       |       |     1 |       |       |       |       |       ||     1
       Scimitar          |       |       |       |   389 |    98 |       |       |       ||   487
       Great sword       |       |       |       |   103 |   692 |       |       |       ||   795
       Double sword      |       |       |       |       |   826 |  1558 |  1548 |   235 ||  4167
       Unarmed           |       |       |       |       |       |   129 |       |       ||   129
       Falchion          |       |       |       |       |       |     7 |       |       ||     7
Invok: Heroism           |       |       |     4 |    12 |    16 |    26 |    14 |     4 ||    76
       Finesse           |       |       |       |       |     5 |     6 |     7 |     3 ||    21
Evoke: Wand              |       |       |    15 |       |       |       |     6 |     2 ||    23
  Use: Scroll            |       |    13 |     1 |    11 |    17 |    19 |    11 |       ||    72
       Potion            |       |       |     8 |     3 |     7 |     7 |       |       ||    25
 Stab: Sleeping          |       |       |       |       |     2 |     2 |       |       ||     4
       Distracted        |       |       |       |       |       |     1 |       |       ||     1
  Eat: Chunk             |       |     9 |     7 |    17 |    36 |    36 |    26 |     6 ||   137
       Royal jelly       |       |       |     1 |       |       |       |       |       ||     1
       Pizza             |       |       |       |     3 |     3 |     2 |     2 |       ||    10
       Beef jerky        |       |       |       |     1 |     6 |     7 |     1 |       ||    15
       Fruit             |       |       |       |       |       |     3 |     9 |     1 ||    13
